 Dungeon Crawl Stone Soup version 0.21.1-1-g345015fe64 (webtiles) character file.

11 Ivernyr the Charmwright (level 2, 22/22 HPs)
             Began as a Demonspawn Skald on May 2, 2018.
             Quit the game on level 1 of the Dungeon.
             The game lasted 00:01:19 (696 turns).

Ivernyr the Charmwright (Demonspawn Skald)           Turns: 696, Time: 00:01:20

Health: 22/22      AC:  6    Str: 11    XL:     2   Next: 13%
Magic:  0/5        EV: 11    Int: 14    God:
Gold:   6          SH:  0    Dex: 12    Spells: 4/5 levels left

rFire    . . .     SeeInvis .   a - +0 falchion
rCold    . . .     Gourm    .   (no shield)
rNeg     . . .     Faith    .   b - +0 leather armour
rPois    .         Spirit   .   (no helmet)
rElec    .         Reflect  .   (no cloak)
rCorr    .         Harm     .   e - +2 pair of gloves
MR       .....                  (no boots)
Stlth    +.........             (no amulet)
HPRegen  0.07/turn              (no ring)
MPRegen  0.09/turn              (no ring)

@: infused
A: demonic guardian 1
a: no special abilities


You were on level 1 of the Dungeon.
You were not hungry.

You visited 1 branch of the dungeon, and saw 1 of its levels.

You collected 6 gold pieces.

Inventory:

Hand Weapons
 a - a +0 falchion (weapon)
Armour
 b - a +0 leather armour (worn)
 e - a +2 pair of gloves (worn)
Scrolls
 f - a scroll of remove curse {unknown}
 i - a scroll of blinking {unknown}
 j - a scroll of teleportation {unknown}
Potions
 g - a potion of might {unknown}
 h - a potion of berserk rage {unknown}
Books
 c - a book of Battle

   Spells                             Type                      Level
   a - Infusion                       Charms                       1
   b - Shroud of Golubria             Charms/Translocation         2
   c - Song of Slaying                Charms                       2
   d - Spectral Weapon                Hexes/Charms                 3
   e - Regeneration                   Charms/Necromancy            3
Comestibles
 d - 2 rations


   Skills:
 - Level 2.0 Fighting
 + Level 2.0 Long Blades
 * Level 1.5 Armour
 - Level 1.7 Dodging
 - Level 2.0 Spellcasting
 + Level 2.8 Charms


You had 4 spell levels left.
You knew the following spells:

 Your Spells              Type           Power        Failure   Level  Hunger
a - Infusion              Chrm           #...         10%         1    ##.....


Dungeon Overview and Level Annotations

Branches:
Dungeon (1/15)

Altars:


Innate Abilities, Weirdness & Mutations

A weak demonic guardian rushes to your aid.


Message History

The giant cockroach barely misses you.
You riposte.
You barely miss the giant cockroach.
The giant cockroach is almost dead.
You hit the giant cockroach.
You kill the giant cockroach!
Your Long Blades skill increases to level 2!
You have reached level 2!
Your demonic ancestry asserts itself...
You feel the presence of a demonic guardian.
The goblin barely misses you.
You riposte.
You hit the goblin.
The goblin is severely wounded.
You barely miss the goblin.
The goblin is severely wounded.
The goblin barely misses you.
You riposte.
You slash the goblin!
You kill the goblin!
The giant cockroach bites you but does no damage.
You see here a club.
You hit the giant cockroach!
You kill the giant cockroach!
Are you sure you want to abandon this character and quit the game? (Confirm with "yes".)

#........'......# #.#
#......
#####....##.....# #.#
#.>.... #....##.....#
#.# #......
#....##.....# #.#
####... #########.###
#.# #... #.# #.# ####...
#.# #.# #...... #)# #.#
#.8..<. #######@## #.#
#...... #........# #.#
####### ..........# #.#
##........# ##'#########
+........# #...........
#........# #...########
#........# #...# #
#........####...########
#####+####..'...'.......


There were no monsters in sight!

Vanquished Creatures
  2 giant cockroaches (D:1)
  2 goblins (D:1)
  A hobgoblin (D:1)
  2 kobolds (D:1)
  3 rats (D:1)
10 creatures vanquished.

Notes
Turn   | Place    | Note
-------+----------+-------------------------------------------
     0 | D:1      | Ivernyr the Demonspawn Skald began the quest for the Orb.
     0 | D:1      | Reached XP level 1. HP: 16/16 MP: 3/3
   358 | D:1      | Reached skill level 1 in Armour
   691 | D:1      | Gained mutation: A weak demonic guardian rushes to your aid. [demonic ancestry]
   691 | D:1      | Reached XP level 2. HP: 22/22 MP: 3/5
   696 | D:1      | Quit the game

Skill      XL: |  1 |
---------------+----+-----
Armour         | 1 |  1.5
Long Blades    | 2 |  2.0
Fighting       | |  2.0
Dodging        | |  1.7
Spellcasting   | |  2.0
Charms         | |  2.8

Action                   || total
-------------------------++-------
Melee: Falchion          ||    22
 Cast: Infusion          ||     1
Armor: Leather armour    ||     7
Dodge: Dodged            ||    13
       Rpst.: Falchion   ||    11
